 Dungeon Crawl Stone Soup version 0.31-a0-564-g3b7de120b3 (webtiles) character file.

Game seed: 9761875952484951005

319 Kuronicle the Insei (level 6, 0/39 HPs)
             Began as an Octopode Shapeshifter on Aug 14, 2023.
             Succumbed to a scorpion's poison
             ... on level 6 of the Dungeon on Aug 17, 2023.
             The game lasted 00:09:58 (1899 turns).

Kuronicle the Insei (Octopode Shapeshifter)         Turns: 1899, Time: 00:09:59

Health: 0/39       AC:  1    Str: 14    XL:     6   Next: 46%
Magic:  8/8        EV: 14    Int: 11    God:
Gold:   93         SH:  0    Dex: 14    Spells: 7/8 levels left

rFire   . .          .
                       - Unarmed
rCold   . . .        (no shield)
rNeg    . . .        (helmet currently unavailable)
rPois   .            g - amulet of magic regeneration
rElec   .            (no ring)
rCorr   .            (no ring)
SInv    .            (no ring)
Will    .....        (no ring)
Stlth   +++          (no ring)
HPRegen 0.26/turn    (no ring)
MPRegen 0.51/turn    (no ring)
                     (no ring)

%: no passive effects
@: lethally poisoned (0 -> -8), beast-form
A: beast (slay +2), almost no armour, amphibious, 8 rings, camouflage 1,
gelatinous body 1, (nimble swimmer 1), tentacles
a: Begin Untransformation


You were on level 6 of the Dungeon.
You were a hulking beast.
You visited 1 branch of the dungeon, and saw 4 of its levels.

You collected 93 gold pieces.

Inventory:

Magical Staves
 i - a staff of death
Jewellery
 g - an amulet of magic regeneration (around mantle)
Talismans
 b - a beast talisman (active)
 c - a flux talisman
Scrolls
 k - a scroll of immolation {unknown}
Potions
 a - a potion of lignification
 d - 2 potions of haste
 e - a potion of enlightenment
 f - 3 potions of heal wounds {unknown}
 h - a potion of curing {unknown}
 j - a potion of might {unknown}
 l - a potion of degeneration {unknown}


   Skills:
 * Level 2.2 Fighting
 * Level 3.0 Dodging
 + Level 2.8 Stealth
 + Level 4.2 Unarmed Combat
 * Level 1.6 Spellcasting
 * Level 1.7 Ice Magic
 * Level 3.6 Shapeshifting


You had 7 spell levels left.
You knew the following spells:

 Your Spells              Type           Power      Damage    Failure   Level
a - Freeze                Ice            16%        1d4       16%         1

Your spell library contained the following spells:

 Spells                   Type           Power      Damage    Failure   Level
 Frozen Ramparts          Ice            8%         1d2       41%         3
 Hailstorm                Conj/Ice       2%         3d3       54%         3
 Dazzling Flash           Conj/Hex       0%         N/A       67%         3
 Ignite Poison            Fire/Tmut/Pois 0%         N/A       67%         3
 Animate Dead             Necr           0%         N/A       97%         4
 Petrify                  Tmut/Erth      0%         N/A       97%         4
 Sticky Flame             Conj/Fire      0%         2d3       97%         4
 Metabolic Englaciation   Hex/Ice        1%         N/A       99%         5
 Agony                    Necr           0%         N/A       100%        5
 Borgnjor's Vile Clutch   Necr/Erth      0%         N/A       100%        5
 Silence                  Hex/Air        0%         N/A       100%        5
 Death Channel            Necr           0%         N/A       100%        6
 Ignition                 Fire           0%         3d3       100%        8


Dungeon Overview and Level Annotations

Branches:
Dungeon (3/15)

Altars:


Innate Abilities, Weirdness & Mutations

You are a hulking beast.
Your limbs bulge with bestial killing power. (Slay +2)
You cannot wear most types of armour.
You are amphibious.
You can wear up to eight rings at the same time.
Your skin changes colour to match your surroundings (Stealth+).
Your rubbery body absorbs attacks. (AC +1, EV +1)
((You are camouflaged when in or above water. (Stealth+)))
You have tentacles for arms and can constrict up to eight enemies at once.


Message History

You tentacle-slap the kobold.
You kill the kobold!
The kobold closely misses you.
You barely miss the kobold. You grab the kobold. You squeeze the kobold.
You kill the kobold!
The kobold hits you with a +0 whip.
You are too injured to fight recklessly!
You are too injured to fight recklessly!
You are too injured to fight recklessly!
You closely miss the kobold. You grab the kobold. You constrict the kobold.
The kobold closely misses you.
You tentacle-slap the kobold but do no damage.
The kobold is heavily wounded.
You constrict the kobold.
You kill the kobold!
An orc comes into view. It is wielding a +0 club.
You tentacle-slap the scorpion. You grab the scorpion.
You tentacle-slap the scorpion.
The scorpion is moderately wounded.
You constrict the scorpion. The scorpion stings you.
You are poisoned.
The scorpion poisons you! The scorpion misses you.
You tentacle-slap the scorpion.
The scorpion is heavily wounded.
You constrict the scorpion.
* * * LOW HITPOINT WARNING * * *
You feel very sick. The scorpion stings you!
* * * LOW HITPOINT WARNING * * *
You tentacle-slap the scorpion.
The scorpion is severely wounded.
You constrict the scorpion.
* * * LOW HITPOINT WARNING * * *
You feel sick. The scorpion stings you.
* * * LOW HITPOINT WARNING * * *
You tentacle-slap the scorpion.
The scorpion is almost dead.
You constrict the scorpion.
You kill the scorpion!
You die...

#.##....#...#.
####....... .....
..........##....
...#..........
..#.............##
.......#....o....#
.......#.)))...#
...... #.....# ##
#....##..)h.#..##
#...............#
.##.†............
#....†..........
#....#..........
#..###..........
..... #..........
#..... .#...#...##
.....#.
###...#..##


You could see an orc.

Vanquished Creatures
  An ogre (D:2)
  A kobold brigand (D:6)
  A scorpion (D:6)
  A howler monkey (D:6)
  Jessica (D:2)
  3 adders
  A white imp (D:6)
  3 dart slugs
  7 bats
  3 endoplasms
  A giant cockroach (D:1)
  3 goblins
  5 hobgoblins
  2 jackals (D:3)
  18 kobolds
  2 quokkas (D:1)
  5 ball pythons
  2 frilled lizards
  9 rats (D:1)
69 creatures vanquished.

Notes
Turn   | Place    | Note
-------+----------+-------------------------------------------
     0 | D:1      | Kuronicle the Octopode Shapeshifter began the quest for the
                  | Orb.
     0 | D:1      | Reached XP level 1. HP: 13/13 MP: 1/1
   131 | D:1      | Reached XP level 2. HP: 14/18 MP: 2/2
   283 | D:1      | Reached skill level 1 in Stealth
   510 | D:1      | Reached XP level 3. HP: 23/23 MP: 3/3
  1062 | D:2      | Noticed Jessica
  1065 | D:2      | Killed Jessica
  1066 | D:2      | Reached XP level 4. HP: 28/28 MP: 4/4
  1123 | D:2      | Upgraded the game from 0.31-a0-542-gdc2a67831c to
                  | 0.31-a0-564-g3b7de120b3
  1156 | D:2      | Learned a level 1 spell: Freeze
  1248 | D:2      | Noticed an ogre
  1263 | D:2      | Killed an ogre
  1264 | D:2      | Reached XP level 5. HP: 6/34 MP: 0/6
  1731 | D:3      | Reached skill level 4 in Unarmed Combat
  1800 | D:3      | Reached skill level 1 in Spellcasting
  1800 | D:3      | Reached skill level 1 in Ice Magic
  1858 | D:3      | You fall into a shaft and drop 3 floors!
  1876 | D:6      | Reached XP level 6. HP: 26/39 MP: 6/8
  1898 | D:6      | HP: 1/39 [scorpion (1)]
  1899 | D:6      | Succumbed to a scorpion's poison

Illustrated notes

Levels and vault maps discovered:
D:1:      minmay_arrival_semitransparent, layout_basic, lexackson_kobold_supper
D:2:      layout_rooms, uniq_jessica
D:3:      layout_basic, grunt_ministairs_11
D:6:      layout_cave_pools, mainiacjoe_overflow_surrounded_room,
          biasface_ghost_orc_armoury

Skill      XL: |  1  2  3  4  5  6 |
---------------+-------------------+-----
Stealth        | 1 2 |  2.8
Unarmed Combat | 4 |  4.2
Fighting       | 2 |  2.2
Spellcasting   | 1 |  1.6
Ice Magic      | 1 |  1.7
Dodging        | 3 |  3.0
Shapeshifting  | |  3.6

Action                     |  1- 3 |  4- 6 || total
---------------------------+-------+-------++-------
  Melee: Unarmed           |    63 |    61 ||   124
         Constrict         |    16 |    18 ||    34
         Tentacles         |     8 |    14 ||    22
         Punch             |       |     2 ||     2
   Cast: Freeze            |       |    17 ||    17
    Use: Potion            |     1 |       ||     1
         Scroll            |       |     2 ||     2
   Stab: Sleeping          |     6 |     2 ||     8
 Armour: Skin              |     6 |     6 ||    12
  Dodge: Dodged            |    32 |    47 ||    79

Table legend: (Time is in decaauts)
 A = Elapsed time spent in this place.
 B = Non-inter-level travel time spent in this place.
 C = Inter-level travel time spent in this place.
 D = Time resting spent in this place.
 E = Time spent auto-exploring this place.
 F = Levels seen in this place.
 G = Mean time per level.
                   A        B        C        D        E       F      G
               +--------+--------+--------+--------+--------+-----+--------+
         Total |   1889 |   1838 |     51 |     49 |   1210 |   4 |  472.2 |
       Dungeon |   1889 |   1838 |     51 |     49 |   1210 |   4 |  472.2 |
               +--------+--------+--------+--------+--------+-----+--------+

Top non-repeatable levels by time:
     D:1: 1058 daAuts
     D:2: 560 daAuts
     D:3: 232 daAuts
     D:6: 39 daAuts
